Construct Section Command Post
Construct Platoon Command Post
Selects Air and Sea Battlegroup
Selects Commando Section Paradrop
Commando Section Paradrop
Construct Company Command Post
Selects Commando LMG Section Paradrop
Commando LMG Section Paradrop
Construct Field Infirmary
Selects Centaur Medium Tank
Unlock M3 Grant Medium Tanks
Selects Naval Bombardment
Selects Anti-tank Rocket Loiter